 Dungeon Crawl Stone Soup version 0.29.1-13-g9f3cf754e1 (webtiles) character file.

Game seed: 2068514372422451223

23285 unlimited1921 the Thaumaturge (level 13, 0/85 HPs)
             Began as a Djinni Fire Elementalist on Jan 30, 2023.
             Was an Initiate of Gozag.
             Slain by a two-headed ogre
             ... wielding a +0 giant spiked club
              (22 damage)
             ... on level 12 of the Dungeon.
             The game lasted 01:44:01 (26453 turns).

unlimited1921 the Thaumaturge (DjFE)               Turns: 26453, Time: 01:44:04

Health: 0/85       AC: 10    Str:  7    XL:     13   Next: 34%
Gold:   1357       EV: 12    Int: 34    God:    Gozag SH: 10 Dex: 21

rFire   + + .      SeeInvis .   N - -2 hand crossbow (freeze)
rCold   . . .      Faith    .   M - +0 kite shield {rPois}
rNeg    . . .      Spirit   .   Q - +3 leather armour {rC+}
rPois   ∞          Reflect  .   v - +0 helmet
rElec   .          Harm     .   o - +0 cloak
rCorr   .          Rampage  .   O - +0 pair of gloves
Will    +....                   (boots unavailable)
Stlth   +++.......              (no amulet)
HPRegen 0.24/turn               d - ring of Veacobu {Int+7 Dex+6}
MPRegen 0.00/turn               J - +6 ring of intelligence

@: gold aura, flying
A: sickness immunity, fire resistance 2, cold vulnerability 1, float, innate
caster, HP casting, extra vitality 1
a: Renounce Religion, Potion Petition, Call Merchant, Bribe Branch


You were on level 12 of the Dungeon.
You worshipped Gozag.
Gozag was most pleased with you.
You visited 1 branch of the dungeon, and saw 13 of its levels.
You visited 1 bazaar.

You collected 1900 gold pieces.
You spent 334 gold pieces at shops.
You paid 209 gold pieces to Gozag.

Inventory:

Hand Weapons
 a - a +0 arbalest
 b - a +1 short sword of holy wrath
 s - a +0 flail of protection
 E - the +10 spear of the Swamp {venom, rPois Will++}
   (You found it on level 4 of the Dungeon)

   It poisons the flesh of those it strikes.
   rPois:     It protects you from poison.
   Will:      It greatly increases your willpower.
 G - a +0 whip of draining
 N - a -2 hand crossbow of freezing (weapon)
 P - a +2 sling of flaming
Missiles
 R - 94 stones
 V - 5 throwing nets
Armour
 h - a +0 ring mail of cold resistance
 o - a +0 cloak (worn)
 v - a +0 helmet (worn)
 M - a +0 kite shield of poison resistance (worn)
 O - a +0 pair of gloves (worn)
 Q - a +3 leather armour of cold resistance (worn)
 W - a +2 ring mail of fire resistance
Jewellery
 d - the ring of Veacobu (left hand) {Int+7 Dex+6}
   (You acquired it on level 10 of the Dungeon)

   [ring of dexterity]

   Int:       It affects your intelligence (+7).
   Dex:       It affects your dexterity (+6).
 p - a ring of willpower
 r - a ring of protection from fire
 y - a ring of see invisible
 H - a +6 ring of dexterity
 J - a +6 ring of intelligence (right hand)
 U - a ring of resist corrosion
Wands
 q - a wand of quicksilver (3)
 F - a wand of polymorph (5)
 I - a wand of mindburst (9)
 L - a wand of paralysis (13)
 Z - a wand of flame (20)
Scrolls
 i - a scroll of torment {unknown}
 j - 2 scrolls of blinking {unknown}
 k - 2 scrolls of enchant weapon {unknown}
 l - a scroll of noise {unknown}
 m - 8 scrolls of teleportation
 t - a scroll of summoning {unknown}
 u - a scroll of identify
 w - 2 scrolls of butterflies
 x - a scroll of immolation {unknown}
 A - 3 scrolls of magic mapping
 B - 2 scrolls of vulnerability {unknown}
 C - a scroll of amnesia {unknown}
 K - 3 scrolls of brand weapon
 Y - a scroll of poison {unknown}
Potions
 c - 9 potions of curing
 e - 2 potions of haste
 f - 2 potions of mutation {unknown}
 g - 3 potions of lignification
 n - 3 potions of berserk rage
 z - a potion of ambrosia
 D - 2 potions of invisibility
 S - a potion of cancellation
 T - a potion of heal wounds {unknown}
 X - a potion of might {unknown}


   Skills:
 + Level 5.0 Fighting
 + Level 0.1 Short Blades
 + Level 2.5 Polearms
 + Level 4.8 Ranged Weapons
 + Level 4.1 Armour
 + Level 4.5 Dodging
 + Level 5.0 Stealth
 + Level 3.8 Shields
 + Level 13.9 Spellcasting


You had 6 spell levels left.
You knew the following spells:

 Your Spells              Type           Power      Damage    Failure   Level
a - Foxfire               Conj/Fire      100%       2x1d9     1%          1
b - Scorch                Fire           100%       2d10      1%          2
c - Conjure Flame         Conj/Fire      87%        6-21      1%          3
d - Inner Flame           Hex/Fire       87%        N/A       1%          3
e - Flame Wave            Conj/Fire      87%        2d19      1%          4
f - Apportation           Tloc           100%       N/A       1%          1
g - Wereblood             Tmut           87%        N/A       1%          2
h - Tukima's Dance        Hex            87%        N/A       1%          3
i - Summon Ice Beast      Ice/Summ       87%        N/A       1%          4
j - Summon Mana Viper     Hex/Summ       87%        N/A       1%          5
k - Freezing Cloud        Conj/Ice/Air   43%        6-21      1%          5
Your spell library was empty.

Dungeon Overview and Level Annotations

Branches:
Dungeon (13/15)            Temple (0/1) D:5            Lair (0/5) D:9
    Orc: D:9-12      Vaults: D:13-14

Altars:
Dithmenos
Gozag
Makhleb
Nemelex Xobeh
Wu Jian
Zin

Shops:
D:6 **

Annotations:
D:10 2 transporters, RapScallion's ghost, journeyman HOFi
D:13 Nessos


Innate Abilities, Weirdness & Mutations

You are immune to sickness and miasma.
You are immune to poison.
Your flesh is very heat resistant. (rF++)
You are vulnerable to cold. (rC-)
You float through the air rather than walking.
You learn spells naturally, not from books.
Your magical power is your life essence.
You have superior vitality. (+4 MHP)


Message History

The wizard hits you with a +0 dagger!
You fly upwards.
There is a stone staircase leading down here.
Casting: Summon Ice Beast (safe; 1% risk of failure)
Confirm with . or Enter, or press ? or * to list all spells.
Casting: Flame Wave (safe; 1% risk of failure)
Press: ? - help, Dir - look around, f - activate A wave of flame ripples out!
The flame wave engulfs the two-headed ogre!
The two-headed ogre is moderately wounded.
The flame wave engulfs the purple ugly thing!!
You kill the purple ugly thing!
The flame wave engulfs the wizard!!
The wizard is almost dead. (Press . to intensify the flame waves.)
The two-headed ogre is distracted by your dazzling golden aura.
The wizard casts a spell.
The wizard flickers and vanishes!
Deactivating autopickup; reactivate with Ctrl-A.
Casting: Flame Wave (safe; 1% risk of failure)
Confirm with . or Enter, or press ? or * to list all spells.
Restarting spell: Flame Wave (safe; 1% risk of failure)
Press: ? - help, Dir - look around, f - activate A wave of flame ripples out!
The flame wave engulfs the two-headed ogre!!
The two-headed ogre is heavily wounded.
The two-headed ogre is no longer distracted by gold.
The flame wave engulfs something!!
Reactivating autopickup.
You feel a bit more experienced. (Press . to intensify the flame waves.)
* * * LOW HITPOINT WARNING * * *
You block the two-headed ogre's attack. x2
Casting: Flame Wave (safe; 1% risk of failure)
Confirm with . or Enter, or press ? or * to list all spells.
A chill wind blows around you.
* * * LOW HITPOINT WARNING * * *
The two-headed ogre hits you with a +0 giant spiked club!!
You die...
Your body crumbles into a pile of gold.

......##..............=.....#
......##....................#
............................#
......###........##....######
......###.........####....###
...#####...............##...#
##....##..........####....#.#####
##.#............$.# ####........
)#.##.........YO@.# ####...##
...#.............$# ####.###
...[.............## #....##.
................## ###.#.....
............#.### #......###
...........)#.## ##.#....#
...............### #.....#.###
..............)..######.......#..
..(.....)........................


You could see a two-headed ogre (ally target) and a friendly ice beast
(summoned).

Vanquished Creatures
  Harold (D:9)
  2 two-headed ogres (D:10)
  A tengu warrior (D:9)
  Sonja (D:10)
  Amaemon (D:10)
  A wizard (D:12)
  A deep elf pyromancer (D:9)
  An orc knight (D:11)
  2 ugly things
  Joseph (D:7)
  An orange demon (D:10)
  A gargoyle (D:12)
  2 unseen horrors
  A kobold demonologist (D:12)
  2 komodo dragons
  A tengu conjurer (D:9)
  4 slime creatures
  A dancing weapon (D:9)
  Sigmund (D:3)
  3 wraiths
  2 wyverns (D:10)
  2 shadows (D:10)
  A vampire (D:10)
  An unseen horror simulacrum (D:8)
  Grum (D:10)
  16 yaks
  3 steam dragons
  3 vampire mosquitoes (D:12)
  2 acid dragons
  3 water moccasins
  7 orc warriors
  An ice beast (D:6)
  2 black bears
  6 ogres
  A wolf (D:10)
  2 centaurs (D:8)
  2 phantoms
  6 kobold brigands
  5 bullfrogs
  2 scorpions (D:5)
  2 necrophages (D:6)
  17 killer bees
  6 howler monkeys
  5 hounds
  6 jellies
  5 orc priests
  2 gnoll boudas
  3 iguanas
  11 orc wizards
  2 centaur simulacra
  10 gnolls
  3 adders
  2 shadow imps
  2 white imps (D:8)
  3 ufetubi
  A worm (D:4)
  4 dart slugs
  47 orcs
  4 bats
  11 endoplasms
  3 giant cockroaches
  5 goblins
  6 hobgoblins
  8 jackals
  A quokka (D:3)
  6 ball pythons
  2 frilled lizards (D:1)
  27 kobolds
  3 rats
304 creatures vanquished.

Vanquished Creatures (collateral kills)
  A hydra (D:11)
  A centaur warrior (D:11)
  An efreet (D:9)
  A hornet (D:9)
  2 trolls
  2 slime creatures (D:12)
  2 yaks (D:8)
  A wraith (D:10)
  A steam dragon (D:9)
  A vampire mosquito (D:12)
  An acid dragon (D:9)
  An orc warrior (D:9)
  A wolf (D:10)
  An ogre (D:11)
  A kobold brigand (D:10)
  A bullfrog (D:6)
  A killer bee (D:9)
  2 howler monkeys
  2 orc priests
  A jelly (D:8)
  An orc wizard (D:10)
  A gnoll (D:8)
  6 orcs
  A goblin (D:4)
  3 kobolds (D:10)
37 creatures vanquished.

Vanquished Creatures (others)
  A dancing weapon (D:11)
  An unseen horror simulacrum (D:9)
  A kobold (D:9)
  3 bushes (D:9)
  661 foxfires
  5 fungi (D:8)
  53 plants
  9 toadstools (D:8)
734 creatures vanquished.

Grand Total: 1075 creatures vanquished

Notes
Turn   | Place    | Note
-------+----------+-------------------------------------------
     0 | D:1      | unlimited1921 the Djinni Fire Elementalist began the quest
                  | for the Orb.
     0 | D:1      | unlimited1921 set off with the following spells memorised:
                  | Foxfire, Scorch, Conjure Flame, Inner Flame, Flame Wave.
     0 | D:1      | Reached XP level 1. HP: 15/15 MP: 0/0
  1178 | D:1      | Reached XP level 2. HP: 19/21 MP: 0/0
  1759 | D:1      | Reached skill level 3 in Spellcasting
  2000 | D:1      | Reached XP level 3. HP: 21/25 MP: 0/0
  2000 | D:1      | Learned a level 1 spell: Apportation
  2172 | D:1      | You are sucked into a shaft and drop 1 floor!
  2368 | D:2      | Found a sparkling altar of Nemelex Xobeh.
  3604 | D:2      | Found a faded altar of an unknown god.
  4554 | D:3      | Reached XP level 4. HP: 29/31 MP: 0/0
  4718 | D:3      | Noticed Sigmund
  4722 | D:3      | Killed Sigmund
  4723 | D:3      | Reached skill level 4 in Spellcasting
  4723 | D:3      | Reached XP level 5. HP: 30/35 MP: 0/0
  4723 | D:3      | Learned a level 2 spell: Wereblood
  4723 | D:3      | Reached XP level 6. HP: 35/40 MP: 0/0
  6221 | D:4      | Noticed an ogre
  6226 | D:4      | Killed an ogre
  6227 | D:4      | Reached skill level 5 in Spellcasting
  6227 | D:4      | Reached XP level 7. HP: 41/45 MP: 0/0
  6227 | D:4      | Learned a level 3 spell: Tukima's Dance
  7663 | D:4      | Reached skill level 6 in Spellcasting
  7663 | D:4      | Reached XP level 8. HP: 40/50 MP: 0/0
  8674 | D:4      | Identified the +10 spear of the Swamp {venom, rPois Will++}
  9165 | D:5      | Entered Level 5 of the Dungeon
  9165 | D:5      | Found a staircase to the Ecumenical Temple.
 10188 | D:5      | Reached skill level 1 in Fighting
 10775 | D:5      | Reached skill level 1 in Polearms
 10912 | D:5      | Reached skill level 7 in Spellcasting
 11095 | D:6      | Reached XP level 9. HP: 51/57 MP: 0/0
 11095 | D:6      | Learned a level 4 spell: Summon Ice Beast
 11199 | D:6      | Noticed an unseen horror
 11206 | D:6      | Killed an unseen horror
 11367 | D:6      | Reached skill level 8 in Spellcasting
 11624 | D:6      | Found Souwodem's Assorted Antiques.
 11628 | D:6      | Bought a lumpy cyan potion for 17 gold pieces
 11628 | D:6      | Bought a white potion for 17 gold pieces
 11628 | D:6      | Bought a scroll labelled ENUEGR DIMO for 19 gold pieces
 11628 | D:6      | Bought a bone wand for 76 gold pieces
 11628 | D:6      | Identified a scroll of acquirement
 11887 | D:6      | Found Pyptoups's Lightly-Used Armoury.
 11990 | D:6      | Bought a -2 hand crossbow for 1 gold piece
 12735 | D:7      | Reached skill level 1 in Armour
 12735 | D:7      | Reached XP level 10. HP: 48/64 MP: 0/0
 12986 | D:7      | Reached skill level 9 in Spellcasting
 13190 | D:7      | Reached skill level 1 in Shields
 13335 | D:7      | Reached skill level 1 in Ranged Weapons
 13656 | D:7      | Noticed Joseph
 13666 | D:7      | Killed Joseph
 15584 | D:8      | Found a shadowy altar of Dithmenos.
 15588 | D:8      | Found a burning altar of Makhleb.
 15588 | D:8      | Found a sparkling altar of Nemelex Xobeh.
 15589 | D:8      | Found a glowing silver altar of Zin.
 15607 | D:8      | Reached skill level 10 in Spellcasting
 15612 | D:8      | Reached XP level 11. HP: 50/70 MP: 0/0
 15612 | D:8      | Learned a level 5 spell: Summon Mana Viper
 16110 | D:8      | Found the +10 Black Knight's barding {ponderous, rPois rN+}
 16755 | D:9      | Reached skill level 5 in Stealth
 17087 | D:9      | Noticed Harold
 17096 | D:9      | Killed Harold
 17704 | D:9      | Noticed a deep elf pyromancer
 17710 | D:9      | Killed a deep elf pyromancer
 17711 | D:9      | Reached skill level 11 in Spellcasting
 18069 | D:10     | Entered Level 10 of the Dungeon
 18069 | D:10     | Noticed a toenail golem
 18069 | D:10     | Found a transporter.
 18070 | D:10     | Acquired the ring of Veacobu {Int+7 Dex+6}
 18192 | D:9      | Found an ornate altar of the Wu Jian Council.
 18918 | D:9      | Found an opulent altar of Gozag.
 18923 | D:9      | Became a worshipper of Gozag Ym Sagoz the Greedy
 19056 | D:9      | Noticed a tengu warrior
 19070 | D:9      | Killed a tengu warrior
 19397 | D:9      | Found a staircase to the Lair.
 20934 | D:10     | Noticed Amaemon
 20941 | D:10     | Reached XP level 12. HP: 61/76 MP: 0/0
 20942 | D:10     | Killed Amaemon
 21109 | D:10     | Found a one-way gate to the infinite horrors of the Abyss.
 21109 | D:10     | Noticed RapScallion's ghost (journeyman HOFi)
 21123 | D:10     | Found a transporter.
 21161 | D:10     | Noticed Grum
 21170 | D:10     | Reached skill level 12 in Spellcasting
 21184 | D:10     | Killed Grum
 21185 | D:10     | Noticed a two-headed ogre
 21186 | D:10     | Noticed Sonja
 21187 | D:10     | Noticed a two-headed ogre
 21191 | D:10     | Killed a two-headed ogre
 21192 | D:10     | Killed a two-headed ogre
 21203 | D:10     | Killed Sonja
 21227 | D:10     | Noticed a deep troll
 22271 | D:10     | Identified the +11 hand axe "Pewnumyhe" {spect, rElec Str+8
                  | Dex-5}
 22447 | D:10     | Noticed a goliath frog
 22712 | D:10     | Noticed a storm dragon
 22802 | D:11     | Noticed a seven-headed hydra
 22809 | D:11     | Reached skill level 13 in Spellcasting
 22812 | D:11     | Killed a seven-headed hydra
 23185 | D:11     | HP: 1/78 [orc priest/divine providence (15)]
 24463 | D:11     | Noticed a centaur warrior
 24469 | D:11     | Killed a centaur warrior
 24470 | D:11     | Reached XP level 13. HP: 57/84 MP: 0/0
 24470 | D:11     | Learned a level 5 spell: Freezing Cloud
 25218 | D:12     | Reached skill level 5 in Fighting
 25557 | D:12     | Found a flickering gateway to a bazaar.
 25579 | Bazaar   | Entered a bazaar
 25613 | Bazaar   | Found Maboguk's Antique Armour Shoppe.
 25667 | Bazaar   | Found Mim Beam's Book Shoppe.
 25700 | Bazaar   | Found Ruture's Book Emporium.
 25722 | Bazaar   | Bought a shiny orb for 204 gold pieces
 26443 | D:13     | Noticed Nessos
 26453 | D:12     | Slain by a two-headed ogre

Illustrated notes

Levels and vault maps discovered:
D:1:      erik_arrival_orb_chamber, layout_basic, chequers_avenue
D:2:      layout_loops_ring, basic_altar, ebering_ecumenical_altar_box
D:3:      layout_rooms, nicolae_vehumet_altar_sigil, hangedman_glass_teeth,
          roderic_roman_lattice, uniq_sigmund
D:4:      layout_loops_corners, serial_co_window_serial, co_window_paths_a,
          co_window_corner_a, co_window_corner_a, co_window_corner_a,
          co_window_paths_a, co_window_paths_b, co_window_corner_a,
          co_window_2corner, co_window_corner_b, co_window_unsneaky_path_c,
          co_window_paths_c, co_window_of_opportunity_b, co_window_broadway_c,
          co_window_4corner_a, glass_columns_a, glass_columns_a,
          glass_columns_b, glass_columns_c
D:5:      layout_basic, minmay_temple_entry_mist, hex_tiny,
          chequers_serial_rivers_small_b
D:6:      layout_loops_ring, serial_shops, shop, grunt_ministairs_15,
          minmay_shop_damaged
D:7:      layout_loops_ring, minmay_fractal_squares_diagonal_5, uniq_joseph
D:8:      cheibrodos_fertilizer, layout_cave_pools,
          chequers_temple_overflow_statue_of_worship, serial_ice, serial_ice_d,
          serial_ice_j, serial_ice_c, serial_ice_m, serial_ice_n,
          supply_closet_lemuel
D:9:      layout_loops_corners, general_overflow_altar,
          mainiacjoe_overflow_boulevard, david_lair_shrubbed,
          minmay_shattered_shrine, uniq_harold
D:10:     layout_irregular_city, gammafunk_ghost_abyssal_escape,
          serial_bayou_pond_d, grunt_potential, uniq_sonja, uniq_grum,
          uniq_amaemon
D:11:     layout_long_grid, erik_orc_3, special_room [special_room_orc]
D:12:     layout_rooms, serial_shops, bzr_entry_gold
D:13:     layout_loops_cross, david_vaults_1, lightli_corner_chamber,
          uniq_nessos

Skill      XL: |  1  2  3  4  5  6  7  8  9 10 11 12 13 |
---------------+----------------------------------------+-----
Spellcasting   | 3 4 5 6 7 8 10 11 13 | 13.9
Stealth        | 2 3 4 5 |  5.0
Dodging        | 3 4 |  4.5
Fighting       | 1 2 3 4 5 |  5.0
Polearms       | 1 2 |  2.5
Armour         | 1 2 3 4 |  4.1
Shields        | 1 2 3 |  3.8
Ranged Weapons | 3 4 |  4.8
Short Blades   | |  0.1

Action                   |  1- 3 |  4- 6 |  7- 9 | 10-12 | 13-15 || total
-------------------------+-------+-------+-------+-------+-------++-------
Melee: Short sword       |     5 |       |     2 |       |       ||     7
       Spear             |       |       |    24 |       |       ||    24
       Hand crossbow     |       |       |       |     3 |       ||     3
 Fire: Hand crossbow     |       |       |     8 |   114 |     7 ||   129
 Cast: Foxfire           |    99 |    41 |   160 |   103 |    15 ||   418
       Scorch            |    10 |    12 |    38 |    89 |     9 ||   158
       Inner Flame       |       |     1 |    11 |   124 |     6 ||   142
       Tukima's Dance    |       |       |     4 |    11 |       ||    15
       Summon Ice Beast  |       |       |     2 |    42 |    10 ||    54
       Flame Wave        |       |       |       |     4 |     2 ||     6
       Summon Mana Viper |       |       |       |    24 |     9 ||    33
       Freezing Cloud    |       |       |       |       |    10 ||    10
  Use: Scroll            |       |       |     6 |     4 |     3 ||    13
       Potion            |       |       |     1 |     5 |     2 ||     8
 Stab: Sleeping          |       |       |     3 |       |       ||     3
Armor: Robe              |     3 |       |     5 |       |       ||     8
       Leather armour    |       |       |     4 |    40 |     2 ||    46
Dodge: Dodged            |    26 |     3 |    36 |    59 |     7 ||   131
Block: Kite shield       |       |       |    11 |    66 |     7 ||    84
